 Dungeon Crawl Stone Soup version 0.20-a0-1017-gc3250ce (webtiles) character file.

99 AlphabetPasta the Chopper (level 4, 0/35 HPs)
             Began as a Demonspawn Chaos Knight on Apr 16, 2017.
             Succumbed to an adder's poison
             ... on level 3 of the Dungeon.
             The game lasted 00:07:09 (1582 turns).

AlphabetPasta the Chopper (Demonspawn Chaos Knight) Turns: 1582, Time: 00:07:10

Health: 0/35       AC:  5    Str: 13 (14) XL:     4   Next: 45%
Magic:  3/3        EV: 11    Int: 18      God:    Xom [......]
Gold:   168        SH:  0    Dex:  6 (10) Spells: 3/3 levels left

rFire    . . .     SeeInvis .   a - +0 hand axe (chaos)
rCold    . . .     Gourm    .   (no shield)
rNeg     . . .     Faith    .   b - +2 leather armour
rPois    .         Spirit   .   f - +1 helmet
rElec    .         Reflect  .   (no cloak)
rCorr    +         Harm     .   (no gloves)
MR       .....                  (no boots)
Stlth    +.........             e - amulet of rage
Regen    0.2/turn               k - ring of resist corrosion
MPRegen  0.1/turn               (no ring)

@: brilliant, lethally poisoned (0 -> -11), very slow
A: blurry vision 2, clumsy 1, deformed body, deterioration 2, low mp 1, powered
by death 2
a: Renounce Religion, Evoke Berserk Rage


You were on level 3 of the Dungeon.
You worshipped Xom.
You were a very special plaything of Xom.
You were not hungry.

You visited 1 branch of the dungeon, and saw 3 of its levels.

You collected 168 gold pieces.

Inventory:

Hand Weapons
 a - a +0 hand axe of chaos (weapon)
Missiles
 h - 2 javelins (quivered)
Armour
 b - a +2 leather armour (worn)
 f - a +1 helmet (worn)
Jewellery
 e - an amulet of rage (around neck)
 k - a ring of resist corrosion (left hand)
Scrolls
 i - 2 scrolls of identify
 j - 2 scrolls of fear
 l - a scroll of recharging
Comestibles
 c - 2 bread rations
 d - 7 chunks of flesh
 g - a meat ration


   Skills:
 + Level 3.3 Fighting
 * Level 3.9 Axes
 + Level 2.2 Armour
 + Level 1.9 Dodging
 + Level 0.4 Evocations


You had 3 spell levels left.
You didn't know any spells.

Dungeon Overview and Level Annotations

Branches:
Dungeon (3/15)

Altars:
Xom

Portals:
Sewer: D:3


Innate Abilities, Weirdness & Mutations

You regenerate health from kills.
Scrolls take you longer to read.
You are clumsy. (Dex -2)
Armour fits poorly on your strangely shaped body.
Your body often deteriorates upon taking damage.
Your magical capacity is low. (-10% MP)


Message History

* * * LOW HITPOINT WARNING * * *
You feel sick. The adder misses you.
You slash the adder! Lightning courses through the adder!
You kill the adder!
You feel your intelligence returning.
You feel sick.
Unknown command.
You enter the shallow water.
Moving in this stuff is going to be slow.
* * * LOW HITPOINT WARNING * * *
You feel sick.
You see here an adder corpse.
You butcher the adder corpse.
* * * LOW HITPOINT WARNING * * *
You feel sick.
You see here a chunk of flesh.
* * * LOW HITPOINT WARNING * * *
You feel sick.
You die...
Xom snickers!

#...............+
#.<.............#
#...............+
#...............#
#......#'###+####
########.# ##.#
#########..#
≈∩≈≈≈≈≈≈@.##
###########


There were no monsters in sight!

Vanquished Creatures
  3 adders
  2 oozes (D:1)
  A worm (D:2)
  2 dart slugs (D:1)
  8 bats
  A giant cockroach (D:2)
  10 goblins
  4 hobgoblins
  2 jackals (D:1)
  4 kobolds
  7 frilled lizards
  18 rats
62 creatures vanquished.

Notes
Turn   | Place    | Note
-------+----------+-------------------------------------------
     0 | D:1      | AlphabetPasta the Demonspawn Chaos Knight began the quest for the Orb.
     0 | D:1      | Reached XP level 1. HP: 18/18 MP: 1/1
    37 | D:1      | XOM: harmless Conj miscast
    42 | D:1      | Reached skill level 1 in Dodging
    52 | D:1      | Gained mutation: You regenerate a little health from kills. [demonic ancestry]
    52 | D:1      | Reached XP level 2. HP: 13/24 MP: 2/2
   155 | D:1      | XOM: silly message
   387 | D:1      | XOM: harmless Chrm miscast
   392 | D:1      | XOM: medium Tloc miscast
   558 | D:1      | Reached XP level 3. HP: 29/29 MP: 3/3
   714 | D:1      | XOM: give mutations
   714 | D:1      | Gained mutation: Scrolls take you a little longer to read. [Xom's mischief]
   714 | D:1      | Gained mutation: Armour fits poorly on your strangely shaped body. [Xom's mischief]
   714 | D:1      | Gained mutation: Scrolls take you longer to read. [Xom's mischief]
   729 | D:2      | XOM: noise
   775 | D:2      | Found a shimmering altar of Xom.
   802 | D:2      | XOM: harmless Erth miscast
   959 | D:2      | Gained mutation: You regenerate health from kills. [demonic ancestry]
   959 | D:2      | Reached XP level 4. HP: 35/35 MP: 4/4
  1211 | D:2      | XOM: stat loss: -1 Dex (11/12)
  1567 | D:3      | Found a glowing drain.
  1570 | D:3      | XOM: give mutations
  1570 | D:3      | Gained mutation: You are clumsy. (Dex -2) [Xom's mischief]
  1570 | D:3      | Gained mutation: Your body sometimes deteriorates upon taking damage. [Xom's mischief]
  1570 | D:3      | Gained mutation: Your magical capacity is low. (-10% MP) [Xom's mischief]
  1570 | D:3      | Gained mutation: Your body often deteriorates upon taking damage. [Xom's mischief]
  1581 | D:3      | HP: 1/35 [poisoned by an adder]
  1582 | D:3      | Succumbed to an adder's poison

Vault maps used:
D:1:      erik_arrival_orb_chamber, roderic_lattice_a, minmay_vboxes
D:2:      xom_teletrap_fun
D:3:      portal_sewer_entry_d, first_bread

Skill      XL: |  1  2 |
---------------+-------+-----
Dodging        | 1 |  1.9
Axes           | 3 |  3.9
Armour         | 2 |  2.2
Fighting       | |  3.3
Evocations     | |  0.4

Action                   |  1- 3 |  4- 6 || total
-------------------------+-------+-------++-------
Melee: Hand axe          |   109 |    53 ||   162
  Use: Potion            |     6 |     2 ||     8
       Scroll            |     2 |     2 ||     4
 Stab: Confused          |     1 |       ||     1
       Petrifying        |     1 |       ||     1
  Eat: Chunk             |       |     2 ||     2
Armor: Leather armour    |    32 |    25 ||    57
Dodge: Dodged            |    85 |    41 ||   126
